 Dungeon Crawl Stone Soup version 0.30-a0-1103-g25895a7845 (webtiles) character file.

Game seed: 8672791634735882654

66 Newt the Trooper (level 3, -1/30 HPs)
             Began as a Demonspawn Gladiator on Apr 18, 2023.
             Killed from afar by Natasha (9 damage)
             ... with a magic dart
             ... on level 2 of the Dungeon.
             The game lasted 00:02:52 (1532 turns).

Newt the Trooper (Demonspawn Gladiator)             Turns: 1532, Time: 00:02:52

Health: -1/30      AC:  6    Str: 16    XL:     3   Next: 96%
Magic:  0/3        EV: 12    Int:  9    God:
Gold:   116        SH:  4    Dex: 14    Spells: 2/2 levels left

rFire   . . .      SeeInvis .    a - +0 rapier
rCold   . . .      Faith    .    (no shield)
rNeg    . . .      Spirit   +    b - +0 leather armour
rPois   .          Reflect  .    c - +0 helmet
rElec   .          Rampage  .    (no cloak)
rCorr   .                        (no gloves)
Will    .....                    f - +1 pair of boots
Stlth   +                        m - amulet of guardian spirit
HPRegen 0.25/turn                (no ring)
MPRegen 0.08/turn                (no ring)

@: no status effects
A: large bone plates 1
a: no special abilities


You were on level 2 of the Dungeon.
You visited 1 branch of the dungeon, and saw 2 of its levels.

You collected 116 gold pieces.

Inventory:

Hand Weapons
 a - a +0 rapier (weapon)
Missiles
 d - 2 throwing nets (quivered)
Armour
 b - a +0 leather armour (worn)
 c - a +0 helmet (worn)
 f - a +1 pair of boots (worn)
Jewellery
 i - a ring of ice
 m - an amulet of guardian spirit (around neck)
Scrolls
 l - a scroll of enchant armour
Potions
 g - a potion of flight
 h - a potion of curing
 j - a potion of ambrosia {unknown}


   Skills:
 - Level 4.0 Fighting
 - Level 2.7 Short Blades
 - Level 1.8 Throwing
 + Level 3.0 Dodging


You had 2 spell levels left.
You didn't know any spells.
Your spell library contained the following spells:

 Spells                   Type           Power      Damage    Failure   Level
 Conjure Ball Lightning   Conj/Air       0%         3x3d6     100%        6
 Discord                  Hex            0%         N/A       100%        8
 Disjunction              Tloc           0%         N/A       100%        8


Dungeon Overview and Level Annotations

Branches:
Dungeon (2/15)

Altars:

Annotations:
D:2 Natasha


Innate Abilities, Weirdness & Mutations

You are partially covered in large bone plates. (SH +4)


Message History

You block the cerulean imp's attack. Natasha claws you but does no damage.
The cerulean imp hits you from afar with a +1 spear.
* * * LOW HITPOINT WARNING * * *
Unknown command.
Unknown command.
You feel better.
The cerulean imp hits you from afar with a +3 spear.
Natasha claws you.
The cerulean imp hits you but does no damage.
Throw: dart (poison)
Press: ? - help, Shift-Dir - straight line, f/p - Natasha
Aim: Natasha (moderately wounded, 53% to hit)
You throw a poisoned dart.
The poisoned dart barely misses Natasha.
The poisoned dart closely misses the cerulean imp.
The poisoned dart hits the cerulean imp.
The cerulean imp is poisoned.
The cerulean imp is severely wounded.
You block the cerulean imp's attack. Natasha claws you.
* * * LOW HITPOINT WARNING * * *
The cerulean imp closely misses you.
Unknown command.
Natasha attacks as you move away! You block Natasha's attack.
The cerulean imp disappears in a puff of smoke!
You see here a bat corpse.
The cerulean imp hits you but does no damage.
Natasha barely misses you. Natasha attacks as you move away!
Natasha barely misses you.
The cerulean imp looks more healthy.
You block the cerulean imp's attack. The cerulean imp closely misses you.
The cerulean imp disappears in a puff of smoke!
Natasha casts a spell at you. The magic dart hits you.
* * * LOW HITPOINT WARNING * * *
Natasha attacks as you move away! Natasha claws you but does no damage.
Natasha casts a spell.
Natasha attacks as you move away! Natasha barely misses you.
Natasha stares at you and mumbles some strange words.
The magic dart hits you!
You die...

#.###...##
####### #.#
##.## #.# #5#
#######.####.# #
..........5..# #
######5###### #
####.# ### #h# #
#...... ..# #.#
# ....... #.#
#@# # #..###.
#.# #.# # #..#
#.# #.# # #..#
#.#####.###.#
######### #..#
#...........#
#........ #..#
#.#####.#†###
#.####### #..#
#.# #>#.# #.#
#..###.###
#.#.##########.#
#..#.....#
#.#............#


You could see Natasha and a cerulean imp (summoned).

Vanquished Creatures
  Natasha (D:2)
  An adder (D:2)
  3 ball pythons
  3 bats (D:2)
  2 endoplasms (D:1)
  3 giant cockroaches (D:1)
  4 goblins
  2 hobgoblins
  3 quokkas (D:2)
  2 frilled lizards
  3 kobolds (D:1)
  A rat (D:1)
28 creatures vanquished.

Vanquished Creatures (others)
  A withered plant (D:1)
1 creature vanquished.

Grand Total: 29 creatures vanquished

Notes
Turn   | Place    | Note
-------+----------+-------------------------------------------
     0 | D:1      | Newt the Demonspawn Gladiator began the quest for the Orb.
     0 | D:1      | Reached XP level 1. HP: 16/16 MP: 1/1
   111 | D:1      | Found a faded altar of an unknown god.
   501 | D:1      | Gained mutation: You are partially covered in large bone
                  | plates. (SH +4) [demonic ancestry]
   501 | D:1      | Reached XP level 2. HP: 5/23 MP: 2/2
  1059 | D:2      | Reached skill level 3 in Fighting
  1108 | D:2      | Reached XP level 3. HP: 20/29 MP: 3/3
  1409 | D:2      | Noticed Natasha
  1427 | D:2      | Killed Natasha
  1428 | D:2      | Reached skill level 4 in Fighting
  1497 | D:2      | Noticed Natasha
  1532 | D:2      | Killed from afar by Natasha

Illustrated notes

Levels and vault maps discovered:
D:1:      dpeg_arrival_arbitrary_b, layout_basic,
          ebering_ecumenical_altar_petrified
D:2:      layout_loops_ring, uniq_natasha, uniq_sigmund

Skill      XL: |  1  2  3 |
---------------+----------+-----
Fighting       | 3 4 |  4.0
Dodging        | 3 |  3.0
Short Blades   | |  2.7
Throwing       | |  1.8

Action                     || total
---------------------------++-------
  Melee: Rapier            ||   108
         Punch             ||     1
  Throw: Javelin           ||     3
         Throwing net      ||     1
         Dart              ||     2
    Use: Scroll            ||     3
         Potion            ||     2
 Armour: Leather armour    ||    42
  Dodge: Dodged            ||    92
  Block: Other             ||    25

Table legend: (Time is in decaauts)
 A = Elapsed time spent in this place.
 B = Non-inter-level travel time spent in this place.
 C = Inter-level travel time spent in this place.
 D = Time resting spent in this place.
 E = Time spent auto-exploring this place.
 F = Levels seen in this place.
 G = Mean time per level.
                   A        B        C        D        E       F      G
               +--------+--------+--------+--------+--------+-----+--------+
         Total |   1545 |   1505 |     40 |    217 |    990 |   2 |  772.5 |
       Dungeon |   1545 |   1505 |     40 |    217 |    990 |   2 |  772.5 |
               +--------+--------+--------+--------+--------+-----+--------+

Top non-repeatable levels by time:
     D:1: 1058 daAuts
     D:2: 486 daAuts
